 Dungeon Crawl Stone Soup version 0.18-a0-1361-g9293dd1 (webtiles) character file.

100 Wallaby3 the Grave Robber (level 4, 0/30 HPs)
             Began as a Mummy Necromancer on Feb 20, 2016.
             Slain by an adder (3 damage)
             ... on level 3 of the Dungeon.
             The game lasted 00:05:23 (1723 turns).

Wallaby3 the Grave Robber (Mummy Necromancer)       Turns: 1723, Time: 00:05:23

Health: 0/30       AC:  3    Str: 11    XL:     4   Next: 46%
Magic:  1/7        EV: 12    Int: 15    God:
Gold:   98         SH:  0    Dex: 12    Spells: 1 memorised, 6 levels left

rFire  x . .     SeeInvis .     d - +0 short sword (curse)
rCold  + . .     Gourm    .     a - +0 robe
rNeg   + + +     Faith    .     (no shield)
rPois  ∞         Spirit   .     (no helmet)
rElec  .         Dismiss  .     (no cloak)
rCorr  .         Reflect  .     j - +0 pair of gloves
SustAt .         Harm     .     (no boots)
MR     .....                    (no amulet)
Stlth  ++........               (no ring)
                                (no ring)

@: not resistant to hostile enchantments, unstealthy
A: no food or potions, fire vulnerability, cold resistance 1, negative energy
resistance 3, torment resistance, unbreathing
a: no special abilities


You were on level 3 of the Dungeon.
You were not hungry.

You visited 1 branch of the dungeon, and saw 3 of its levels.

You collected 98 gold pieces.

Inventory:

Hand Weapons
 d - a cursed +0 short sword (weapon)
Armour
 a - a +0 robe (worn)
 j - a +0 pair of gloves (worn)
Jewellery
 g - an uncursed ring of wizardry {unknown}
Scrolls
 c - a scroll of identify {unknown}
 e - a scroll of fear {unknown}
 h - 2 scrolls of teleportation {unknown}
 i - 3 scrolls of remove curse {unknown}
 k - a scroll of recharging {unknown}
Books
 b - a book of Necromancy

   Spells                             Type                      Level
   a - Pain                           Necromancy                   1
   b - Animate Skeleton               Necromancy                   1
   c - Vampiric Draining              Necromancy                   3
   d - Regeneration                   Charms/Necromancy            3
   e - Animate Dead                   Necromancy                   4
   f - Control Undead                 Necromancy                   4


   Skills:
 - Level 1.6 Dodging
 - Level 1.7 Stealth
 - Level 2.1 Spellcasting
 + Level 5.8 Necromancy


You had 6 spell levels left.
You knew the following spells:

 Your Spells              Type           Power        Failure   Level  Hunger
a - Pain                  Necr           ###.         1%          1    N/A

Dungeon Overview and Level Annotations

Branches:
Dungeon (2/15)

Altars:
Ashenzari
Cheibriados


Innate Abilities, Weirdness & Mutations

You do not eat or drink.
Your flesh is vulnerable to fire.
You are immune to poison.
Your flesh is cold resistant.
You are immune to negative energy.
You are immune to unholy pain and torment.
You can survive without breathing.


Message History

You throw a javelin. The javelin closely misses the adder.
The adder bites you.
* * * LOW HITPOINT WARNING * * *
The adder bites you.
* * * LOW HITPOINT WARNING * * *
Firing (i - inventory): No suitable missiles.
Press: ? - help, Shift-Dir - straight line, f/p - adder
Aim: an adder (heavily wounded)
Okay, then.
You miss the adder.
The adder is heavily wounded.
The adder closely misses you.
You hit the adder but do no damage.
The adder is heavily wounded.
The adder bites you.
* * * LOW HITPOINT WARNING * * *
The adder bites you but does no damage.
You miss the adder.
The adder is heavily wounded.
The adder bites you.
You die...

##.### .....#
#####.....#
#.#########.........#
#...........###.....#
########...>........#
### #.########.###
.....#.########
#.........(.(@.#
#.##g.......##S#
#..#(###.# .# #..#.#
.....# .g..#.##.....#
.##. ..##....... .!
..##.....## ...
#....(#


You could see an adder.

Vanquished Creatures
  Natasha (D:3)
  2 adders (D:2)
  2 oozes (D:1)
  3 worms (D:2)
  2 giant geckos
  An orc (D:3)
  6 bats
  A giant cockroach (D:2)
  6 goblins
  5 hobgoblins
  3 giant newts (D:2)
  3 kobolds
  3 rats
38 creatures vanquished.

Notes
Turn   | Place    | Note
--------------------------------------------------------------
     0 | D:1      | Wallaby3 the Mummy Necromancer began the quest for the Orb.
     0 | D:1      | Reached XP level 1. HP: 13/13 MP: 3/3
   251 | D:1      | Reached XP level 2. HP: 19/19 MP: 3/5
   650 | D:1      | Reached XP level 3. HP: 22/24 MP: 6/6
   968 | D:2      | Reached skill level 5 in Necromancy
  1034 | D:2      | Found a snail-covered altar of Cheibriados.
  1292 | D:2      | HP: 1/24 [worm (10)]
  1595 | D:2      | Found a shattered altar of Ashenzari.
  1606 | D:2      | Reached XP level 4. HP: 30/30 MP: 0/7
  1671 | D:2      | You fall through a shaft!
  1684 | D:3      | Noticed Natasha
  1698 | D:3      | Killed Natasha
  1723 | D:3      | Slain by an adder

Vault maps used:
D:1:      dpeg_arrival_shelter
D:2:      cheibriados_altar_1, ashenzari_altar_1,
          nicolae_overflow_crystal_walls, lemuel_blue_sif_altar
D:3:      uniq_natasha

Action                   |  1- 3 |  4- 6 || total
-------------------------+-------+-------++-------
Melee: Short sword       |    76 |     3 ||    79
Throw: Javelin           |       |     8 ||     8
 Cast: Pain              |    40 |    10 ||    50
 Stab: Sleeping          |     2 |       ||     2
